 Dungeon Crawl Stone Soup version 0.30-a0-373-gd37427bb62 (webtiles) character file.

Game seed: 16234346827116385930

277 sanka the Chopper (level 6, 0/45 HPs)
             Began as a Demonspawn Reaver on Nov 23, 2022.
             Slain by an orc
             ... wielding a +0 war axe
              (8 damage)
             ... on level 3 of the Dungeon.
             The game lasted 00:04:00 (2951 turns).

sanka the Chopper (Demonspawn Reaver)               Turns: 2951, Time: 00:04:01

Health: 0/45       AC:  5    Str: 14    XL:     6   Next: 4%
Magic:  9/9        EV: 11    Int: 14    God:
Gold:   123        SH:  4    Dex: 12    Spells: 8/9 levels left

rFire   . . .      SeeInvis .    a - +0 hand axe
rCold   . . .      Faith    .    (no shield)
rNeg    . . .      Spirit   .    b - +0 leather armour
rPois   .          Reflect  .    e - +0 helmet
rElec   .          Harm     .    (no cloak)
rCorr   .          Rampage  .    (no gloves)
Will    .....                    j - +0 pair of boots
Stlth   +.........               (no amulet)
HPRegen 0.27/turn                (no ring)
MPRegen 0.11/turn                k - +4 ring of slaying

@: no status effects
A: hooves 1, demonic guardian 1, condensation shield
a: no special abilities


You were on level 3 of the Dungeon.
You visited 1 branch of the dungeon, and saw 3 of its levels.

You collected 123 gold pieces.


Innate Abilities, Weirdness & Mutations

You have large cloven feet.
A weak demonic guardian rushes to your aid.
A meltable shield of frost defends you. (SH +4)


   Skills:
 + Level 2.3 Fighting
 + Level 6.1 Axes
 - Level 1.7 Dodging
 - Level 2.0 Spellcasting
 - Level 3.0 Conjurations


You had 8 spell levels left.
You knew the following spells:

 Your Spells              Type           Power      Damage    Failure   Level
y - Kiss of Death         Conj/Necr      20%        2d7       16%         1

Your spell library contained the following spells:

 Spells                   Type           Power      Damage    Failure   Level
 Momentum Strike          Conj/Tloc      10%        3d8       24%         2
 Beastly Appendage        Tmut           2%         N/A       30%         1
 Wereblood                Tmut           1%         N/A       41%         2
 Hailstorm                Conj/Ice       5%         3d4       43%         3
 Spider Form              Tmut/Pois      1%         N/A       65%         3

Inventory:

Hand Weapons
 a - a +0 hand axe (weapon)
Armour
 b - a +0 leather armour (worn)
 e - a +0 helmet (worn)
 j - a +0 pair of boots (worn)
Jewellery
 k - a +4 ring of slaying (right hand)
Scrolls
 c - 2 scrolls of noise {unknown}
 d - a scroll of teleportation {unknown}
 f - a scroll of amnesia {unknown}
 g - a scroll of blinking {unknown}
 h - a scroll of acquirement {unknown}
 l - a scroll of vulnerability {unknown}
 m - a scroll of identify {unknown}
 o - a scroll of silence {unknown}
Potions
 i - a potion of haste {unknown}
 n - a potion of cancellation {unknown}
 p - a potion of curing {@q1}

Dungeon Overview and Level Annotations

Branches:
Dungeon (3/15)

Altars:

Annotations:
D:2 1 runed translucent door, Crazy Yiuf

......................
.▒▒▒▒.................
▒...)▒▒...........
.▒▒▒▒....▒▒...........
......................
▒▒▒▒▒▒▒▒▒▒▒.(.........
▒.......... ▒.........
▒6)...... ▒o)......
▒5....... o........
B........ ▒▒▒▒▒▒+▒▒▒
.▒▒▒g....▒ .▒▒▒.....▒▒


You could see 2 orcs, a giant cockroach, a hobgoblin and a friendly shadow imp
(summoned).


Message History

Unknown command.
You hit the orc.
The orc is lightly wounded.
You barely miss the orc. The orc barely misses you.
Unknown command.
You closely miss the orc.
The orc is lightly wounded.
You hit the orc. The orc barely misses you.
An orc comes into view. It is wielding a +0 club.
You block the orc's attack.
Unknown command.
You slash the orc!
You kill the orc!
You hit the orc. You hit the orc. The orc hits you with a +0 war axe.
* * * LOW HITPOINT WARNING * * *
The orc hits you with a +2 flail of protection!
* * * LOW HITPOINT WARNING * * *
A demonic guardian appears!
You hit the orc.
You kill the orc!
You barely miss the orc.
A giant cockroach comes into view.
Your shadow imp hits the orc but does no damage.
The orc hits your shadow imp but does no damage.
The orc hits you with a +0 war axe!
You die...

Action                   |  1- 3 |  4- 6 || total
-------------------------+-------+-------++-------
Melee: Hand axe          |   142 |   108 ||   250
       Punch             |     1 |       ||     1
  Use: Potion            |       |     4 ||     4
 Stab: Sleeping          |     1 |       ||     1
Armor: Leather armour    |    45 |    26 ||    71
Dodge: Dodged            |    91 |    52 ||   143
Block: Other             |       |     2 ||     2

Levels and vault maps discovered:
D:1:      saegor_arrival_simple_a, layout_loops_corners
D:2:      layout_loops_ring, minmay_between, uniq_natasha,
          uniq_crazy_yiuf_cottage, uniq_robin
D:3:      layout_basic, minmay_quadrilaterals

Notes
Turn   | Place    | Note
-------+----------+-------------------------------------------
     0 | D:1      | sanka the Demonspawn Reaver began the quest for the Orb.
     0 | D:1      | Reached XP level 1. HP: 16/16 MP: 3/3
   113 | D:1      | Reached skill level 3 in Axes
   312 | D:1      | Gained mutation: A weak demonic guardian rushes to your
                  | aid. [demonic ancestry]
   312 | D:1      | Reached XP level 2. HP: 22/22 MP: 5/5
  1060 | D:2      | Reached XP level 3. HP: 27/27 MP: 6/6
  1124 | D:2      | Reached skill level 4 in Axes
  1372 | D:2      | Found a runed translucent door.
  1373 | D:2      | Noticed Crazy Yiuf
  1500 | D:2      | Noticed Robin
  1503 | D:2      | Gained mutation: You have large cloven feet. [demonic
                  | ancestry]
  1503 | D:2      | Reached XP level 4. HP: 23/33 MP: 7/7
  1626 | D:1      | Killed Robin
  1786 | D:2      | Noticed Natasha
  1796 | D:2      | Killed Natasha
  1797 | D:2      | Reached skill level 5 in Axes
  1866 | D:2      | Noticed Natasha
  1877 | D:2      | Killed Natasha
  1878 | D:2      | Reached XP level 5. HP: 8/38 MP: 8/8
  2540 | D:2      | Noticed Natasha
  2551 | D:2      | Killed Natasha
  2827 | D:3      | Reached skill level 6 in Axes
  2946 | D:3      | Gained mutation: A meltable shield of frost defends you.
                  | (SH +4) [demonic ancestry]
  2946 | D:3      | Reached XP level 6. HP: 32/45 MP: 9/9
  2951 | D:3      | Slain by an orc

Vanquished Creatures
  An orc priest (D:3)
  Natasha (D:2)
  Robin (D:1)
  2 gnolls (D:2)
  4 adders
  2 worms (D:2)
  4 dart slugs
  3 orcs (D:3)
  2 endoplasms (D:1)
  A giant cockroach (D:2)
  10 goblins
  11 hobgoblins
  2 quokkas (D:2)
  4 ball pythons (D:1)
  6 bats
  3 frilled lizards
  2 kobolds
  6 rats
65 creatures vanquished.

Vanquished Creatures (collateral kills)
  Natasha (twice) (D:2)
  2 gnolls (D:2)
  An adder (D:2)
  A goblin (D:1)
  A frilled lizard (D:2)
7 creatures vanquished.

Grand Total: 72 creatures vanquished
